 Dungeon Crawl Stone Soup version 0.27-a0-773-gaaee5cf45b (webtiles) character file.

Game seed: 11810716822867743828

58 rageheart7 the Skirmisher (level 4, -3/73 HPs)
             Began as an Ogre Gladiator on Mar 26, 2021.
             Slain by an orc warrior
             ... wielding a +0 flail
              (9 damage)
             ... on level 3 of the Dungeon.
             The game lasted 00:02:13 (2716 turns).

rageheart7 the Skirmisher (Ogre Gladiator)          Turns: 2716, Time: 00:02:14

Health: -3/73      AC: 22    Str: 19    XL:     4   Next: 2%
Magic:  4/4        EV:  1    Int:  9    God:
Gold:   159        SH:  0    Dex: 10    Spells: 3/3 levels left

rFire    . . .     SeeInvis .   a - +0 flail
rCold    . . .     Faith    .   (no shield)
rNeg     + + +     Spirit   .   (armour currently unavailable)
rPois    +         Reflect  .   (helmet currently unavailable)
rElec    .         Harm     .   (cloak currently unavailable)
rCorr    .         Rampage  .   (gloves unavailable)
Will     .....     NoTele   +   (boots unavailable)
Stlth    +.........             (no amulet)
HPRegen  0.22/turn              (no ring)
MPRegen  0.09/turn              (no ring)

@: tree-form
A: stationary, stasis, torment immunity, boosted hp, large, unfitting armour,
(tough skin 1)
a: no special abilities


You were on level 3 of the Dungeon.
You were a tree.
You visited 1 branch of the dungeon, and saw 3 of its levels.

You collected 159 gold pieces.

Inventory:

Hand Weapons
 a - a +0 flail (weapon)
Missiles
 d - 3 throwing nets (quivered)
 s - 3 boomerangs
Armour
 b - a +0 robe (melded)
 c - a +0 hat (melded)
Jewellery
 q - a +6 ring of strength
Wands
 r - a wand of random effects (18)
Scrolls
 e - 3 scrolls of teleportation {unknown}
 f - a scroll of magic mapping {unknown}
 g - a scroll of enchant weapon {unknown}
 h - a scroll of immolation {unknown}
 i - a scroll of brand weapon {unknown}
 j - a scroll of vulnerability {unknown}
 l - 4 scrolls of identify {unknown}
 m - a scroll of noise {unknown}
Potions
 k - a potion of magic {unknown}
 n - a potion of brilliance {unknown}
 o - 2 potions of lignification
 p - a potion of heal wounds {unknown}


   Skills:
 * Level 4.3 Fighting
 * Level 3.6 Maces & Flails
 - Level 2.0 Throwing
 - Level 2.6 Dodging


You had 3 spell levels left.
You didn't know any spells.
Your spell library was empty.

Dungeon Overview and Level Annotations

Branches:
Dungeon (3/15)

Altars:
Elyvilon
Fedhas
Hepliaklqana
Qazlal
Ru
Vehumet
Wu Jian
Zin
The Shining One


Innate Abilities, Weirdness & Mutations

You are a tree.
Your roots penetrate the ground, keeping you stationary.
You cannot be teleported.
You are immune to unholy pain and torment.
Your maximum health is greatly increased.
Your equipment is partially melded.
You are too large for most types of armour.
((You have tough skin. (AC +1)))


Message History

The orc warrior hits you with a +0 flail!
The orc shouts!
There are monsters nearby!
You barely miss the orc warrior.
The orc warrior hits you with a +0 flail!!
You are too injured to fight recklessly!
An orc comes into view. It is wielding a +0 morningstar.
The orc warrior barely misses you.
It was a potion of lignification.
You turn into a tree.
Your +0 hat melds into your body.
Your +0 robe melds into your body.
Your roots penetrate the ground.
You sock the orc warrior!
The orc warrior is moderately wounded.
The orc warrior hits you but does no damage. x2
You barely miss the orc warrior.
The orc warrior is moderately wounded.
An orc comes into view. It is wielding a +0 club.
The orc warrior hits you but does no damage.
An orc comes into view. It is wielding a +0 hand axe.
The orc moves out of view.
You closely miss the orc warrior.
The orc warrior is moderately wounded.
The orc warrior hits you but does no damage.
You hit the orc warrior but do no damage.
The orc warrior is moderately wounded.
The orc warrior hits you with a +0 flail.
* * * LOW HITPOINT WARNING * * *
You barely miss the orc warrior.
The orc warrior is moderately wounded.
The orc warrior hits you with a +0 flail!
* * * LOW HITPOINT WARNING * * *
The orc warrior hits you with a +0 flail!
* * * LOW HITPOINT WARNING * * *
You hit the orc warrior but do no damage.
The orc warrior is moderately wounded.
The orc warrior hits you but does no damage.
You closely miss the orc warrior.
The orc warrior is moderately wounded.
The orc warrior hits you with a +0 flail!
You die...

######.# #.
########.# #.
.........# #.
###########... ..
#.....# #.## ###.
#.....#####.# o..
#...........#
#o######.....#######
#ooo♣........#
##############


You could see an orc warrior and 3 orcs.

Vanquished Creatures
  An adder (D:2)
  2 dart slugs (D:1)
  An orc (D:3)
  5 ball pythons (D:1)
  4 endoplasms (D:1)
  A giant cockroach (D:2)
  2 goblins (D:2)
  4 hobgoblins
  3 jackals (D:1)
  3 kobolds
  2 quokkas (D:2)
  6 bats
  2 frilled lizards
  4 rats
40 creatures vanquished.

Notes
Turn   | Place    | Note
-------+----------+-------------------------------------------
     0 | D:1      | rageheart7 the Ogre Gladiator began the quest for the Orb.
     0 | D:1      | Reached XP level 1. HP: 22/22 MP: 1/1
    91 | D:1      | Reached skill level 3 in Fighting
   316 | D:1      | Reached XP level 2. HP: 31/31 MP: 2/2
   899 | D:1      | HP: 1/31 [jackal (1)]
  1216 | D:1      | Reached XP level 3. HP: 39/39 MP: 3/3
  1755 | D:2      | Reached skill level 4 in Fighting
  2153 | D:2      | Found an ornate altar of the Wu Jian Council.
  2611 | D:3      | Found a white marble altar of Elyvilon.
  2613 | D:3      | Found a hazy altar of Hepliaklqana.
  2613 | D:3      | Found a radiant altar of Vehumet.
  2614 | D:3      | Found a blossoming altar of Fedhas.
  2614 | D:3      | Found a stormy altar of Qazlal.
  2615 | D:3      | Found a glowing golden altar of the Shining One.
  2616 | D:3      | Found a sacrificial altar of Ru.
  2618 | D:3      | Found a glowing silver altar of Zin.
  2621 | D:3      | Reached XP level 4. HP: 49/49 MP: 4/4
  2703 | D:3      | Noticed an orc warrior
  2716 | D:3      | Slain by an orc warrior

Illustrated notes

Levels and vault maps discovered:
D:1:      dpeg_arrival_tiny_b, layout_loops_corners, patterned_corridor
D:2:      layout_loops_corners, nzn_wu_jian_contemplation, minmay_octomino_j4
D:3:      minmay_general_purpose_star, layout_loops_ring,
          gammafunk_temple_overflow_pools, grunt_temple_overflow_open,
          uniq_jessica, uniq_natasha, uniq_crazy_yiuf_cottage

Skill      XL: |  1  2  3 |
---------------+----------+-----
Fighting       | 3 4 |  4.3
Maces & Flails | 3 |  3.6
Throwing       | |  2.0
Dodging        | |  2.6

Action                   |  1- 3 |  4- 6 || total
-------------------------+-------+-------++-------
Melee: Flail             |   112 |    12 ||   124
  Use: Potion            |       |     1 ||     1
Armor: Robe              |    56 |     2 ||    58
       Skin              |       |     5 ||     5
Dodge: Dodged            |    79 |     1 ||    80

Table legend: (Time is in decaauts)
 A = Elapsed time spent in this place.
 B = Non-inter-level travel time spent in this place.
 C = Inter-level travel time spent in this place.
 D = Time resting spent in this place.
 E = Time spent auto-exploring this place.
 F = Levels seen in this place.
 G = Mean time per level.
                   A        B        C        D        E       F      G
               +--------+--------+--------+--------+--------+-----+--------+
         Total |   2745 |   2649 |     96 |    298 |   2049 |   3 |  915.0 |
       Dungeon |   2745 |   2649 |     96 |    298 |   2049 |   3 |  915.0 |
               +--------+--------+--------+--------+--------+-----+--------+

Top non-repeatable levels by time:
     D:1: 1564 daAuts
     D:2: 1047 daAuts
     D:3: 133 daAuts
